3L
CAPITAL DISTRICT RED KNIGHTS @ BROOKLYN DODGERS
09/14/2027
 
TOP OF THE 1ST
Capital District Red Knights batting - Pitching for Brooklyn Dodgers : RHP Víctor García
Pitching: RHP Víctor García
Batting: RHB Danilo Mosca 0-0: Ball
1-0: Called Strike
1-1: Foul Ball, location: 2F
1-2: Foul Ball, location: 2F
1-2: Ball
2-2: Ball
3-2: Ground out 6-3 (Groundball, 6S)
Batting: RHB José Paz 0-0: SINGLE (Line Drive, 6MD)
Batting: RHB Sergio Ortíz 0-0: Ball
1-0: DOUBLE (Flyball, 78XD)
José Paz to third
Runner from 3rd tries for Home, SAFE, no throw
Batting: RHB Arnold Giroux 0-0: Ground out 6-3 (Groundball, 6)
Batting: RHB Chris Costa 0-0: Foul Ball, location: 2F
0-1: Called Strike
0-2: Strikes out looking
Top of the 1st over - 1 run(s), 2 hit(s), 0 error(s), 1 left on base; Capital District 1 - Brooklyn 0
BOTTOM OF THE 1ST
Brooklyn Dodgers batting - Pitching for Capital District Red Knights : RHP Raúl Luna
Pitching: RHP Raúl Luna
Batting: RHB Vincent Crane 0-0: Foul Ball, location: 2F
0-1: Ground out 6-3 (Groundball, 56)
Batting: LHB Ki-tak Im 0-0: Ball
1-0: Ball
2-0: Ball
3-0: Base on Balls
Batting: SHB Juan Rivas 0-0: Ball
1-0: Fly out, F4 (Popup, 4D)
Batting: RHB Oliver Aranda 0-0: Foul Ball, location: 2F
0-1: Called Strike
0-2: Ball
1-2: Ball
2-2: Ball
3-2: SINGLE (Groundball, 6D)
Ki-tak Im to second
Ki-tak Im to third
Batting: LHB Tim Waters 0-0: Swinging Strike
0-1: Fly out, F7 (Flyball, 7LDF)
Bottom of the 1st over - 0 run(s), 1 hit(s), 0 error(s), 2 left on base; Capital District 1 - Brooklyn 0
TOP OF THE 2ND
Capital District Red Knights batting - Pitching for Brooklyn Dodgers : RHP Víctor García
Batting: LHB Francisco Sánchez 0-0: Foul Ball, location: 2F
0-1: Fly out, F5 (Popup, 5D)
Batting: RHB Barry Dempsey 0-0: Ball
1-0: Ball
2-0: Ball
3-0: Base on Balls
Batting: RHB Alfonso Enríquez 0-0: Ball
1-0: Foul Ball, location: 2F
1-1: Foul Ball, location: 2F
1-2: Ball
2-2: Foul Ball, location: 2F
2-2: Strikes out looking
Batting: RHB Leo Cadden 0-0: Called Strike
0-1: Ball
1-1: Fielders Choice at 2nd, 6-4 (Groundball, 6)
Top of the 2nd over - 0 run(s), 0 hit(s), 0 error(s), 0 left on base; Capital District 1 - Brooklyn 0
BOTTOM OF THE 2ND
Brooklyn Dodgers batting - Pitching for Capital District Red Knights : RHP Raúl Luna
Batting: LHB Avon Barksdale 0-0: Foul Ball, location: 2F
0-1: Fly out, F9 (Flyball, 9LS)
Batting: RHB Gustavo Mateo 0-0: Ball
1-0: Foul Ball, location: 2F
1-1: SINGLE (Groundball, 56D)
Batting: LHB Chad Armstrong 0-0: Ball
1-0: Fly out, F8 (Flyball, 8RD)
Batting: RHB Gerald Clark 0-0: Foul Ball, location: 2F
0-1: Ball
1-1: Called Strike
1-2: Ball
2-2: Foul Ball, location: 2F
2-2: Ball
3-2: Ground out 1-3 (Groundball, 13)
Bottom of the 2nd over - 0 run(s), 1 hit(s), 0 error(s), 1 left on base; Capital District 1 - Brooklyn 0
TOP OF THE 3RD
Capital District Red Knights batting - Pitching for Brooklyn Dodgers : RHP Víctor García
Batting: RHB Danilo Mosca 0-0: Ground out 6-3 (Groundball, 6)
Batting: RHB José Paz 0-0: Foul Ball, location: 2F
0-1: Called Strike
0-2: Strikes out swinging
Batting: RHB Sergio Ortíz 0-0: Called Strike
0-1: Called Strike
0-2: Fly out, F8 (Flyball, 8RXD)
Top of the 3rd over - 0 run(s), 0 hit(s), 0 error(s), 0 left on base; Capital District 1 - Brooklyn 0
BOTTOM OF THE 3RD
Brooklyn Dodgers batting - Pitching for Capital District Red Knights : RHP Raúl Luna
Batting: RHB Vincent Crane 0-0: Ball
1-0: Ball
2-0: Called Strike
2-1: Swinging Strike
2-2: Foul Ball, location: 2F
2-2: Strikes out swinging
Batting: LHB Ki-tak Im 0-0: Ball
1-0: Ball
2-0: Foul Ball, location: 2F
2-1: Fly out, F6 (Popup, 6D)
Batting: SHB Juan Rivas 0-0: Ground out 3-1 (Groundball, 34)
Bottom of the 3rd over - 0 run(s), 0 hit(s), 0 error(s), 0 left on base; Capital District 1 - Brooklyn 0
TOP OF THE 4TH
Capital District Red Knights batting - Pitching for Brooklyn Dodgers : RHP Víctor García
Batting: RHB Arnold Giroux 0-0: Foul Ball, location: 2F
0-1: Ball
1-1: Ground out 5-3 (Groundball, 56S)
Batting: RHB Chris Costa 0-0: Ball
1-0: Called Strike
1-1: Ball
2-1: Foul Ball, location: 2F
2-2: Foul Ball, location: 2F
2-2: Ball
3-2: SINGLE (Groundball, 6M) (infield hit)
Batting: LHB Francisco Sánchez 0-0: Ball
1-0: Called Strike
1-1: Ball
2-1: Swinging Strike
2-2: Foul Ball, location: 2F
2-2: Ball
3-2: Foul Ball, location: 2F
3-2: Foul Ball, location: 2F
3-2: Strikes out swinging
Batting: RHB Barry Dempsey 0-0: Swinging Strike
0-1: Ball
1-1: Foul Ball, location: 2F
1-2: Ball
2-2: Ball
3-2: Foul Ball, location: 2F
3-2: Strikes out swinging
Top of the 4th over - 0 run(s), 1 hit(s), 0 error(s), 1 left on base; Capital District 1 - Brooklyn 0
BOTTOM OF THE 4TH
Brooklyn Dodgers batting - Pitching for Capital District Red Knights : RHP Raúl Luna
Batting: RHB Oliver Aranda 0-0: Called Strike
0-1: Ball
1-1: Foul Ball, location: 2F
1-2: Strikes out swinging
Batting: LHB Tim Waters 0-0: Called Strike
0-1: Ball
1-1: Ball
2-1: Called Strike
2-2: Ball
3-2: Base on Balls
Batting: LHB Avon Barksdale 0-0: Ball
1-0: Foul Ball, location: 2F
1-1: Ball
2-1: Foul Ball, location: 2F
2-2: Ball
3-2: Foul Ball, location: 2F
3-2: Strikes out swinging
Batting: RHB Gustavo Mateo 0-0: Ball
1-0: Ball
2-0: Called Strike
2-1: Fly out, F7 (Flyball, 78S)
Bottom of the 4th over - 0 run(s), 0 hit(s), 0 error(s), 1 left on base; Capital District 1 - Brooklyn 0
TOP OF THE 5TH
Capital District Red Knights batting - Pitching for Brooklyn Dodgers : RHP Víctor García
Batting: RHB Alfonso Enríquez 0-0: Ball
1-0: DOUBLE (Line Drive, 7LS)
Batting: RHB Leo Cadden 0-0: Ball
1-0: Ball
2-0: Ball
3-0: Base on Balls
Batting: RHB Danilo Mosca 0-0: Called Strike
0-1: Ball
1-1: Bunted foul
1-2: Fly out, F8 (Flyball, 8RM)
Batting: RHB José Paz 0-0: Called Strike
Alfonso Enríquez steals 3rd base
Leo Cadden to second
0-1: Ground out 1-3 (Groundball, 15S)
Batting: RHB Sergio Ortíz 0-0: Foul Ball, location: 2F
0-1: Ground out 5-3 (Groundball, 56S)
Top of the 5th over - 0 run(s), 1 hit(s), 0 error(s), 2 left on base; Capital District 1 - Brooklyn 0
BOTTOM OF THE 5TH
Brooklyn Dodgers batting - Pitching for Capital District Red Knights : RHP Raúl Luna
Batting: LHB Chad Armstrong 0-0: Called Strike
0-1: Foul Ball, location: 2F
0-2: Ball
1-2: Ball
2-2: Ball
3-2: SINGLE (Line Drive, 9LM)
Batting: RHB Gerald Clark 0-0: DOUBLE (Line Drive, 78D)
Chad Armstrong to third
Batting: RHB Vincent Crane 0-0: Ball
1-0: Ground out 4-3 (Groundball, 4)
Chad Armstrong scores
Gerald Clark to third
Batting: LHB Ki-tak Im 0-0: Ball
1-0: SINGLE (Line Drive, 8RS)
Gerald Clark scores
Batting: SHB Juan Rivas 0-0: Ball
1-0: Called Strike
1-1: DOUBLE (Line Drive, 9LS)
Ki-tak Im to third
Batting: RHB Oliver Aranda 0-0: Called Strike
0-1: Ball
1-1: Swinging Strike
1-2: Ball
2-2: Strikes out looking
Batting: LHB Tim Waters 0-0: Ball
1-0: Foul Ball, location: 2F
1-1: Ball
2-1: Foul Ball, location: 2F
2-2: Foul Ball, location: 2F
2-2: SINGLE (Groundball, 56S) (infield hit)
Ki-tak Im scores
Juan Rivas to third
Batting: LHB Avon Barksdale 0-0: Ball
1-0: Called Strike
1-1: Fly out, F7 (Flyball, 7S)
Bottom of the 5th over - 3 run(s), 5 hit(s), 0 error(s), 2 left on base; Capital District 1 - Brooklyn 3
TOP OF THE 6TH
Capital District Red Knights batting - Pitching for Brooklyn Dodgers : RHP Víctor García
Batting: RHB Arnold Giroux 0-0: Called Strike
0-1: Ground out U3 (Groundball, 3S)
Batting: RHB Chris Costa 0-0: Called Strike
0-1: Foul Ball, location: 2F
0-2: Ball
1-2: Strikes out swinging
Batting: LHB Francisco Sánchez 0-0: Called Strike
0-1: Ball
1-1: Ball
2-1: Foul Ball, location: 2F
2-2: Ball
3-2: Base on Balls
Batting: RHB Barry Dempsey 0-0: Ball
1-0: Swinging Strike
1-1: Ball
2-1: Swinging Strike
2-2: Foul Ball, location: 2F
2-2: Foul Ball, location: 2F
2-2: Foul Ball, location: 2F
2-2: SINGLE (Groundball, 56S) (infield hit)
Francisco Sánchez to second
Pitching: RHP John Bailey
Batting: RHB Alfonso Enríquez 0-0: Ball
1-0: Ball
2-0: Foul Ball, location: 2F
2-1: Foul Ball, location: 2F
2-2: Foul Ball, location: 2F
2-2: Ball
3-2: Base on Balls
Francisco Sánchez to third
Barry Dempsey to second
Batting: RHB Leo Cadden 0-0: Ball
1-0: Foul Ball, location: 2F
1-1: Ball
2-1: Ball
3-1: Called Strike
3-2: Strikes out looking
Top of the 6th over - 0 run(s), 1 hit(s), 0 error(s), 3 left on base; Capital District 1 - Brooklyn 3
BOTTOM OF THE 6TH
Brooklyn Dodgers batting - Pitching for Capital District Red Knights : RHP Raúl Luna
Batting: RHB Gustavo Mateo 0-0: Called Strike
0-1: Foul Ball, location: 2F
0-2: Ball
1-2: Foul Ball, location: 2F
1-2: Ball
2-2: SINGLE (Line Drive, 89S)
Batting: LHB Chad Armstrong 0-0: Ball
1-0: Foul Ball, location: 2F
1-1: Ball
2-1: Swinging Strike
2-2: Foul Ball, location: 2F
2-2: Strikes out swinging
Batting: RHB Gerald Clark 0-0: Foul Ball, location: 2F
0-1: Ball
1-1: Called Strike
1-2: Fly out, F6 (Popup, 6)
Pitching: RHP Jean-François Chapon
Batting: RHB Vincent Crane 0-0: Ball
1-0: Ball
2-0: Ball
3-0: Called Strike
3-1: Called Strike
3-2: Strikes out looking
Bottom of the 6th over - 0 run(s), 1 hit(s), 0 error(s), 1 left on base; Capital District 1 - Brooklyn 3
TOP OF THE 7TH
Capital District Red Knights batting - Pitching for Brooklyn Dodgers : RHP John Bailey
Batting: RHB Danilo Mosca 0-0: Ground out 6-3 (Groundball, 6)
Batting: RHB José Paz 0-0: Foul Ball, location: 2F
0-1: Foul Ball, location: 2F
0-2: Ball
1-2: Ball
2-2: Ground out 5-3 (Groundball, 56)
Batting: RHB Sergio Ortíz 0-0: Ball
1-0: Foul Ball, location: 2F
1-1: Ball
2-1: Ball
3-1: Called Strike
3-2: Base on Balls
Batting: RHB Arnold Giroux 0-0: Fly out, F4 (Line Drive, 4)
Top of the 7th over - 0 run(s), 0 hit(s), 0 error(s), 1 left on base; Capital District 1 - Brooklyn 3
BOTTOM OF THE 7TH
Brooklyn Dodgers batting - Pitching for Capital District Red Knights : RHP Jean-François Chapon
Batting: LHB Ki-tak Im 0-0: Ball
1-0: Ball
2-0: Swinging Strike
2-1: Fly out, F5 (Line Drive, 5S)
Batting: SHB Juan Rivas 0-0: Called Strike
0-1: Called Strike
0-2: Ball
1-2: DOUBLE (Line Drive, 78D)
Batting: RHB Oliver Aranda 0-0: Called Strike
0-1: Foul Ball, location: 2F
0-2: Ball
1-2: SINGLE (Line Drive, 9S)
Juan Rivas to third
Runner from 3rd tries for Home, throw and OUT!
Oliver Aranda to second
Batting: LHB Tim Waters 0-0: Foul Ball, location: 2F
0-1: Foul Ball, location: 2F
0-2: DOUBLE (Line Drive, 89D)
Oliver Aranda scores
Batting: LHB Avon Barksdale 0-0: Foul Ball, location: 2F
0-1: Ball
1-1: Foul Ball, location: 2F
1-2: Foul Ball, location: 2F
1-2: Ground out 3-1 (Groundball, 34S)
Bottom of the 7th over - 1 run(s), 3 hit(s), 0 error(s), 1 left on base; Capital District 1 - Brooklyn 4
TOP OF THE 8TH
Capital District Red Knights batting - Pitching for Brooklyn Dodgers : RHP John Bailey
Now in LF: Thom Wilcox
Batting: RHB Chris Costa 0-0: Ball
1-0: Foul Ball, location: 2F
1-1: Ball
2-1: Called Strike
2-2: Ball
3-2: Fly out, F8 (Flyball, 78D)
Batting: LHB Francisco Sánchez 0-0: Ball
1-0: Ground out 4-3 (Groundball, 4)
Batting: RHB Barry Dempsey 0-0: Ground out 4-3 (Groundball, 4S)
Top of the 8th over - 0 run(s), 0 hit(s), 0 error(s), 0 left on base; Capital District 1 - Brooklyn 4
BOTTOM OF THE 8TH
Brooklyn Dodgers batting - Pitching for Capital District Red Knights : RHP Jean-François Chapon
Batting: RHB Gustavo Mateo 0-0: Called Strike
0-1: Ball
1-1: Foul Ball, location: 2F
1-2: Strikes out swinging
Batting: LHB Chad Armstrong 0-0: Ball
1-0: Foul Ball, location: 2F
1-1: Fly out, F9 (Line Drive, 9LM)
Batting: RHB Gerald Clark 0-0: Foul Ball, location: 2F
0-1: Swinging Strike
0-2: Ball
1-2: Ball
2-2: Fly out, F7 (Flyball, 7LMF)
Bottom of the 8th over - 0 run(s), 0 hit(s), 0 error(s), 0 left on base; Capital District 1 - Brooklyn 4
TOP OF THE 9TH
Capital District Red Knights batting - Pitching for Brooklyn Dodgers : RHP John Bailey
Pitching: LHP Brandeis Vogt
Batting: RHB Alfonso Enríquez 0-0: Ball
1-0: Ball
2-0: Ball
3-0: Base on Balls
Batting: RHB Leo Cadden 0-0: Called Strike
0-1: Ball
1-1: Foul Ball, location: 2F
1-2: Foul Ball, location: 2F
1-2: Strikes out swinging
Batting: RHB Danilo Mosca 0-0: Ball
1-0: Ball
2-0: Called Strike
2-1: Swinging Strike
2-2: Grounds into double play, 6-4-3 (Groundball, 6)
Top of the 9th over - 0 run(s), 0 hit(s), 0 error(s), 0 left on base; Capital District 1 - Brooklyn 4
Saturday, May 26th, 2018 - OOTP Baseball 17.12 Build 75